 Dungeon Crawl Stone Soup version 0.27.0-1-g7a089689b8 (webtiles) character file.

Game seed: 4928237499703527996

7878 nightchill the Covert (level 11, 0/71 HPs)
             Began as a Kobold Enchanter on Aug 12, 2021.
             Was a Believer of Ashenzari.
             Slain by a five-headed hydra (12 damage)
             ... on level 9 of the Dungeon.
             The game lasted 00:40:25 (13538 turns).

nightchill the Covert (Kobold Enchanter)           Turns: 13538, Time: 00:40:25

Health: 0/71       AC:  6    Str: 10    XL:     11   Next: 45%
Magic:  13/16      EV: 21    Int: 16    God:    Ashenzari [**....]
Gold:   445        SH:  0    Dex: 15    Spells: 4/16 levels left

rFire    . . .     SeeInvis +   a - +0 dagger (venom)
rCold    . . .     Faith    .   (shield restricted)
rNeg     . . .     Spirit   .   N - +0 troll leather armour of the Astrological Yoke {Regen+, Melee, Cun} (curse)
rPois    .         Reflect  .   G - +0 helmet of the Omniscient Urgency {Fort, Self} (curse)
rElec    .         Harm     .   r - +0 cloak
rCorr    .         Rampage  .   (no gloves)
Will     +....                  (no boots)
Stlth    +++++++...             (no amulet)
HPRegen  1.21/turn              j - ring "Behold Eternity" {Will+, Cun, Evo} (curse)
MPRegen  0.15/turn              g - +4 ring of evasion

@: no status effects
A: small, no large weapons, nightstalker 3
a: Renounce Religion, Shatter the Chains


You were on level 9 of the Dungeon.
You worshipped Ashenzari.
Ashenzari was pleased with you.
You visited 3 branches of the dungeon, and saw 12 of its levels.

You collected 445 gold pieces.

Inventory:

Hand Weapons
 a - a +0 dagger of venom (weapon)
 b - a +0 rapier
 m - a +3 short sword
 q - a +4 quick blade
 w - a +2 dagger of holy wrath
Missiles
 t - 21 boomerangs (quivered)
 v - 2 throwing nets
 J - 20 poisoned darts
 O - a curare-tipped dart
Armour
 r - a +0 cloak (worn)
 y - a +0 robe
 G - the cursed +0 helmet of the Omniscient Urgency (worn) {Fort, Self}
   (You found it on level 7 of the Dungeon)

   It has a curse which improves the following skills: Fortitude: Armour and
   Shields.
   Introspection: Fighting and Spellcasting.
 N - the cursed +0 troll leather armour of the Astrological Yoke (worn) {Regen+, Melee, Cun}
   (You found it on level 9 of the Dungeon)

   Regen:     It increases your rate of health regeneration.
   It has a curse which improves the following skills: Melee Combat: Short
   Blades, Long Blades, Axes, Maces & Flails, Polearms, Staves and Unarmed
   Combat.
   Cunning:   Dodging and Stealth.
 P - a +0 buckler
Jewellery
 g - a +4 ring of evasion (right hand)
 j - the cursed ring "Behold Eternity" (left hand) {Will+, Cun, Evo}
   (You found it on level 2 of the Dungeon)

   [ring of willpower]

   Will:      It increases your willpower.
   It has a curse which improves the following skills: Cunning: Dodging and
   Stealth.
   Evocations: Evocations.
 p - a ring of fire
 C - a ring of flight
 H - a ring of positive energy
Wands
 o - a wand of flame (15)
 A - a wand of mindburst (17)
 F - a wand of polymorph (11)
 L - a wand of paralysis (6)
Scrolls
 c - 9 scrolls of teleportation
 h - 3 scrolls of magic mapping
 i - a scroll of fog
 k - a scroll of vulnerability
 l - 2 scrolls of noise
 s - 2 scrolls of fear
 u - 2 scrolls of amnesia
 x - a scroll of enchant armour
 B - 6 scrolls of enchant weapon
 E - a scroll of blinking
Potions
 d - 2 potions of flight
 e - a potion of berserk rage
 f - 5 potions of curing
 n - a potion of heal wounds
 z - 2 potions of brilliance
 D - a potion of might
 I - a potion of haste
 K - 2 potions of lignification
 M - a potion of cancellation


   Skills:
 + Level 7.9(9.4) Fighting
 - Level 10.4(11.7) Short Blades
 + Level 5.3(7.5) Dodging
 * Level 13.7(15.6) Stealth
 - Level 2.1(3.3) Spellcasting
 + Level 8.7 Hexes


You had 4 spell levels left.
You knew the following spells:

 Your Spells              Type           Power      Damage    Failure   Level
a - Corona                Hex            33%        N/A       1%          1
b - Ensorcelled Hibernat  Hex/Ice        32%        N/A       6%          2
c - Confusing Touch       Hex            30%        N/A       1%          3
d - Tukima's Dance        Hex            30%        N/A       1%          3
e - Dazzling Flash        Conj/Hex       32%        N/A       12%         3

Your spell library contained the following spells:

 Spells                   Type           Power      Damage    Failure   Level
 Foxfire                  Conj/Fire      8%         2x1d4     24%         1
 Call Imp                 Summ           2%         N/A       36%         2
 Sublimation of Blood     Necr           1%         N/A       36%         2
 Petrify                  Tmut/Erth      2%         N/A       94%         4
 Summon Ice Beast         Ice/Summ       2%         N/A       94%         4
 Irradiate                Conj/Tmut      1%         3d14      100%        5


Dungeon Overview and Level Annotations

Branches:
Dungeon (10/15)            Temple (1/1) D:7            Lair (1/6) D:9
    Orc: D:9-12

Altars:
Ashenzari
Cheibriados
Dithmenos
Elyvilon
Fedhas
Gozag
Hepliaklqana
Kikubaaqudgha
Makhleb
Nemelex Xobeh
Okawaru
Qazlal
Ru
Sif Muna
Trog
Uskayaw
Vehumet
Wu Jian
Xom
Yredelemnul
Zin
The Shining One

Shops:
D:7 (

Annotations:
D:2 2 exclusions
D:4 exclusions: upstairs and 1 more exclusion, Natasha
D:5 2 exclusions
D:6 exclusions: door, 2 downstairs and 2 more exclusions
D:7 3 runed translucent doors, graki42's ghost, novice DEFE


Innate Abilities, Weirdness & Mutations

You are small and have problems with some larger weapons.
You are completely attuned to the shadows.


Message History

You climb upwards.
Welcome back to the Dungeon!
There is a staircase to the Lair here.
You hit the five-headed hydra but do no damage.
The five-headed hydra appears confused.
The five-headed hydra bites you! The five-headed hydra misses you. x2
The five-headed hydra closely misses you.
The five-headed hydra completely misses you.
You hit the five-headed hydra.
The five-headed hydra is lightly wounded.
You catch the helpless five-headed hydra completely off-guard!
You perforate the five-headed hydra like a sieve!!!
The five-headed hydra is severely wounded.
You hit the five-headed hydra.
The five-headed hydra is poisoned.
The five-headed hydra is severely wounded.
You hit the five-headed hydra.
The five-headed hydra is severely wounded.
The five-headed hydra closely misses you.
The five-headed hydra bites you!
The five-headed hydra completely misses you.
The five-headed hydra bites you!
The five-headed hydra completely misses you.
You hit the five-headed hydra but do no damage.
The five-headed hydra is severely wounded.
You hit the five-headed hydra.
The five-headed hydra is almost dead.
The five-headed hydra completely misses you. x2
The five-headed hydra misses you. The five-headed hydra bites you.
* * * LOW HITPOINT WARNING * * *
The five-headed hydra completely misses you.
You hit the five-headed hydra.
The five-headed hydra is almost dead.
You hit the five-headed hydra but do no damage.
The five-headed hydra is almost dead.
The five-headed hydra bites you!
* * * LOW HITPOINT WARNING * * *
The five-headed hydra misses you. The five-headed hydra bites you!
* * * LOW HITPOINT WARNING * * *
The five-headed hydra closely misses you.
The five-headed hydra bites you!
You die...

...<....................#####, ≈
###.................†...'...# #
#.....................###.##### #
#..>..............###.# #....#
#.# #### # #.########@†#
#.######... # #..........D#
#..(.....## # #############
#######..#
#######################........#
............>.................##
#######################.#########
#.# #.... #.#####.### #.......#


You could see a five-headed hydra (confused, very poisoned).

Vanquished Creatures
  A hydra (D:9)
  2 two-headed ogres
  A death knight (D:9)
  A skeletal warrior (D:9)
  Pikel (D:4)
  An unseen horror (D:9)
  A troll (D:9)
  A hornet (D:7)
  A wyvern (D:7)
  3 yaks (D:9)
  A steam dragon (D:5)
  A water moccasin (D:5)
  An ice beast (D:6)
  5 orc warriors
  A black bear (D:7)
  5 wolves
  2 centaurs
  A phantom (D:5)
  3 lemures (D:4)
  2 kobold brigands
  2 bullfrogs
  A gnoll sergeant (D:9)
  4 howler monkeys
  A wight (D:9)
  A bullfrog zombie (D:7)
  5 jellies
  5 hounds
  8 orc priests
  Ijyb (D:4)
  2 iguanas
  A bullfrog skeleton (D:5)
  Natasha (twice) (D:4)
  7 orc wizards
  A hound skeleton (D:3)
  A howler monkey zombie (D:9)
  3 adders
  5 gnolls (D:9)
  2 shadow imps (D:6)
  4 ufetubi
  An adder skeleton (D:4)
  3 worms
  3 dart slugs
  23 orcs
  7 ball pythons
  5 endoplasms
  8 goblins
  8 hobgoblins
  3 jackals
  5 quokkas
  4 bats (D:2)
  5 frilled lizards
  9 kobolds
  5 rats
180 creatures vanquished.

Vanquished Creatures (others)
  A fungus (Lair:1)
  28 plants
29 creatures vanquished.

Grand Total: 209 creatures vanquished

Notes
Turn   | Place    | Note
-------+----------+-------------------------------------------
     0 | D:1      | nightchill the Kobold Enchanter began the quest for the
                  | Orb.
     0 | D:1      | Reached XP level 1. HP: 10/10 MP: 3/3
   497 | D:1      | Reached XP level 2. HP: 16/16 MP: 5/5
   730 | D:1      | Learned a level 2 spell: Ensorcelled Hibernation
  1059 | D:1      | Found a faded altar of an unknown god.
  1305 | D:1      | Reached skill level 1 in Fighting
  1305 | D:1      | Reached XP level 3. HP: 20/20 MP: 6/6
  2372 | D:2      | Reached XP level 4. HP: 25/25 MP: 4/7
  2421 | D:2      | Learned a level 3 spell: Confusing Touch
  3482 | D:3      | Found an iron altar of Okawaru.
  3499 | D:3      | Reached XP level 5. HP: 30/30 MP: 8/8
  4177 | D:4      | Reached skill level 5 in Stealth
  4293 | D:4      | Noticed Ijyb
  4297 | D:4      | Killed Ijyb
  4401 | D:4      | Reached XP level 6. HP: 35/35 MP: 9/9
  4431 | D:4      | Found a glowing golden altar of the Shining One.
  4623 | D:4      | Noticed Natasha
  4627 | D:4      | Killed Natasha
  4734 | D:4      | Noticed Pikel
  5080 | D:4      | Killed Pikel
  5081 | D:4      | Reached skill level 6 in Stealth
  5081 | D:4      | Reached skill level 5 in Hexes
  5081 | D:4      | Reached XP level 7. HP: 33/41 MP: 4/10
  5135 | D:4      | Noticed Natasha
  5146 | D:4      | Killed Natasha
  5816 | D:5      | Entered Level 5 of the Dungeon
  5871 | D:5      | Noticed a steam dragon
  5877 | D:5      | HP: 1/42 [steam dragon (3)]
  6066 | D:4      | Noticed Natasha
  6076 | D:4      | Reached XP level 8. HP: 38/48 MP: 6/11
  6165 | D:5      | Reached skill level 5 in Short Blades
  6165 | D:5      | Reached skill level 7 in Stealth
  6395 | D:5      | Found a shimmering blue altar of Sif Muna.
  7209 | D:5      | Learned a level 3 spell: Tukima's Dance
  7391 | D:6      | Reached skill level 8 in Stealth
  8122 | D:6      | Found a broken altar of Ashenzari.
  8125 | D:6      | Reached XP level 9. HP: 52/52 MP: 12/12
  8137 | D:6      | Became a worshipper of Ashenzari the Shackled
  8137 | D:6      | Identified a scroll of acquirement
  8494 | D:6      | Noticed a two-headed ogre
  8498 | D:6      | Killed a two-headed ogre
  8499 | D:6      | Reached skill level 5 in Fighting
  8499 | D:6      | Reached skill level 9 in Stealth
  8501 | D:6      | Acquired a +4 quick blade
  8544 | D:7      | Noticed a hornet
  8545 | D:7      | Found a runed translucent gate.
  8545 | D:7      | Found a runed translucent gate.
  8546 | D:7      | Found a runed translucent gate.
  8548 | D:7      | Killed a hornet
  8549 | D:7      | Reached skill level 10 in Stealth
  8698 | D:7      | Reached XP level 10. HP: 59/60 MP: 9/13
  8744 | D:7      | Noticed graki42's ghost (novice DEFE)
  8746 | D:7      | Identified the +8 plate armour of Inaaxt {Will++ Slay+5}
  8817 | D:6      | Learned a level 3 spell: Dazzling Flash
  9153 | D:7      | Noticed a two-headed ogre
  9157 | D:7      | Killed a two-headed ogre
  9158 | D:7      | Reached skill level 10 in Short Blades
  9158 | D:7      | Reached skill level 11 in Stealth
  9191 | D:7      | Found a staircase to the Ecumenical Temple.
  9197 | Temple   | Entered the Ecumenical Temple
  9510 | D:7      | Found a stormy altar of Qazlal.
  9529 | D:7      | Found a blossoming altar of Fedhas.
  9639 | D:7      | Found a hide-covered altar of Uskayaw.
  9657 | D:7      | Found Weucanie's Weapon Shoppe.
 10543 | D:8      | Reached * piety under Ashenzari
 11049 | D:8      | Found a shadowy altar of Dithmenos.
 11100 | D:8      | Found a basalt altar of Yredelemnul.
 11384 | D:9      | Reached skill level 12 in Stealth
 11507 | D:9      | Noticed an eight-headed hydra
 11520 | D:9      | Killed an eight-headed hydra
 11649 | D:9      | Reached XP level 11. HP: 19/68 MP: 11/15
 12043 | D:9      | Noticed a death knight
 12046 | D:9      | Killed a death knight
 12062 | D:9      | Reached skill level 13 in Stealth
 12093 | D:9      | Noticed a skeletal warrior
 12096 | D:9      | Killed a skeletal warrior
 12115 | D:9      | Identified the Grimoire of Supportive Damage Dealing
 12270 | D:9      | Reached ** piety under Ashenzari
 12514 | D:9      | Reached skill level 5 in Dodging
 12691 | D:9      | Found a staircase to the Lair.
 13198 | D:10     | Entered Level 10 of the Dungeon
 13293 | Lair:1   | Entered Level 1 of the Lair of Beasts
 13493 | Lair:1   | Noticed a five-headed hydra
 13538 | D:9      | Slain by a five-headed hydra

Illustrated notes

Levels and vault maps discovered:
D:1:      nzn_arrival_water_spiral, layout_loops_ring,
          shapermc_ecumenical_altar_petra, minmay_tromino_v2
D:2:      layout_loops_ring, palyth_stone_intersect
D:3:      layout_loops_ring, nicolae_overflow_hidden_temple
D:4:      layout_layer_cave, mainiacjoe_overflow_concentric_impassable,
          uniq_pikel, uniq_ijyb, uniq_natasha
D:5:      kennysheep_windowed_halls, layout_cave_pools, amcnicky_altar_gilded
D:6:      cheibrodos_two_vegetables, layout_basic,
          ashenzari_conservatory_becter, lexackson_kobold_supper
D:7:      layout_rooms, grunt_temple_overflow_forces_of_nature,
          mainiacjoe_overflow_alcove_1, minmay_temple_entry_enclosed_plants,
          biasface_ghost_orc_armoury, nicolae_take_the_stairs
D:8:      layout_basic, kennysheep_little_box, mainiacjoe_overflow_brackets
D:9:      minmay_weird_star, layout_basic, lair_entry_dummy,
          hangedman_minor_gate_pass
D:10:     layout_rooms, orc_david_3, serial_co_window_serial,
          co_window_of_opportunity_a, co_window_paths_a, co_window_paths_b,
          co_window_paths_a, co_window_paths_a, co_window_paths_a,
          co_window_paths_b, co_window_broadway_b, co_window_corner_b,
          co_window_broadway_b, co_window_broadway_c,
          co_window_of_opportunity_b, co_window_corner_b, co_window_4corner_a,
          glass_columns_a, glass_columns_b, glass_columns_c,
          minmay_crystal_water
Temple:   dshaligram_water_room_temple
Lair:1:   layout_gridlike

Skill      XL: |  1  2  3  4  5  6  7  8  9 10 11 |
---------------+----------------------------------+-----
Short Blades   | 2 3 4 7 9 10 | 10.4
Fighting       | 1 2 3 4 5 7 |  7.9
Hexes          | 4 5 6 7 8 |  8.7
Stealth        | 5 6 8 10 12 13 | 13.7
Dodging        | 3 5 |  5.3
Spellcasting   | |  2.1

Action                   |  1- 3 |  4- 6 |  7- 9 | 10-12 || total
-------------------------+-------+-------+-------+-------++-------
Melee: Dagger            |    82 |    97 |   146 |   187 ||   512
       Short sword       |       |    13 |       |       ||    13
Throw: Boomerang         |       |       |       |     6 ||     6
 Cast: Corona            |    13 |    10 |     2 |     7 ||    32
       Ensorcelled Hiber |     7 |    12 |    18 |    13 ||    50
       Confusing Touch   |       |     7 |    13 |    20 ||    40
Invok: Curse Item        |       |       |       |     3 ||     3
  Use: Scroll            |       |     3 |     3 |       ||     6
       Potion            |       |       |     1 |       ||     1
 Stab: Sleeping          |    28 |    26 |    28 |    34 ||   116
       Confused          |       |     6 |    10 |    18 ||    34
Armor: Robe              |     6 |     2 |     8 |     7 ||    23
       Troll leather arm |       |       |       |     6 ||     6
Dodge: Dodged            |    60 |    42 |    86 |   115 ||   303
